AoeStats
← the-bud

MegaRandom

504414386Analyzed
1v1 RM · 28d ago on Sep 5, 2026· 37m 46s· 2 players
Game mode
Random Map
Map size
Tiny (2 player)
Population
200
Speed
Normal
Resources
Standard
Victory
Conquest
Starting age
Dark Age
Ending age
Imperial Age
RankedLock teamsTeams togetherTeam positionsShared explorationLock speedFull tech treeHidden civsTurbo modeCheats
Victory
Defeat
🇺🇸 Japanese · United States
849
+14
🇨🇦 Shu · Canada
805
-14
the-bud
6:31 Loom
10:10 Feudal Age
14:15 Fletching
15:31 Man-at-Arms
18:57 Castle Age
17:57 Padded Archer Armor
18:18 Double-Bit Axe
27:17 Pikeman
29:53 Gold Mining
32:56 Husbandry
35:50 Forging
36:47 Horse Collar
38:17 Scale Barding Armor
ShowyMeal
0:27 Loom
11:19 Feudal Age
12:14 Horse Collar
12:20 Double-Bit Axe
12:59 Man-at-Arms
19:07 Wheelbarrow
22:17 Castle Age
20:57 Bloodlines
21:32 Scale Barding Armor
23:28 Husbandry
23:42 Squires
23:27 Gambesons
23:47 Scale Mail Armor
23:57 Forging
24:00 Heavy Plow
24:40 Town Watch
24:45 Town Watch
27:06 Iron Casting
26:52 Chain Barding Armor
26:47 Chain Mail Armor
27:20 Bow Saw
27:29 Stone Mining
27:32 Gold Mining
31:40 Hand Cart
36:23 Imperial Age
34:33 Gold Shaft Mining
34:50 Town Patrol
36:21 Chain Mail Armor
35:53 Pikeman
36:37 Cavalier
37:48 Conscription
Connection lost

Rejoining the realm…

Still unreachable

The connection could not be restored.

Session expired

The server has moved on; the page needs a fresh start.